Workbook

Sheet Summary
A1: Statement of receipts and payments
A2: 1 Jan to 31 Dec 2025 | D2: 2025 | F2: 2024 | H2: 2023 | J2: 2022 | L2: 2021 | N2: 2020
D3: £ | F3: £ | H3: £ | J3: £ | L3: £ | N3: £
A4: Voluntary receipts
A5: Grants (restricted funds) | D5: =Received!I2 -> 14340 | F5: 1877.83 | H5: 10000 | J5: 57500 | L5: 9000 | N5: 7200
A6: Donations from members | D6: =Received!G2 -> 508 | F6: 1170.5 | H6: 936 | J6: 1258.16 | L6: 662.42 | N6: 35
A7: Donations other | D7: =Received!R2 -> 124.6 | F7: 978.76 | H7: 326.89
A8: Income from stalls | J8: 333.65 | L8: 0 | N8: 0
A9: Fund raising | H9: 107.04 | J9: 205 | L9: 0 | N9: 0
A10: Proceeds of sale of trailer | L10: 0 | N10: 0
D11: =SUM(D5:D10) -> 14972.6 | F11: 4027.09 | H11: =SUM(H5:H10) -> 11369.93 | J11: 59296.81 | L11: =SUM(L5:L10) -> 9662.42 | N11: =SUM(N5:N10) -> 7235
A12: Receipts from voluntary activities
A13: Membership fees | D13: =Received!F2 -> 121 | F13: 580.5 | H13: 325 | J13: 790 | L13: 285 | N13: 375
A14: User services in respect of deployments | D14: =Received!H2 -> 2271.24 | F14: 4358 | H14: 3093 | J14: 4405.45 | L14: 5074.32 | N14: 0
A15: Income from events | H15: 3277.05 | J15: 900
A16: Broadnet Refunds | D16: =Received!J2 -> 0 | F16: 60.23
A17: Total receipts | D17: =SUM(D13:D16) -> 2392.24 | F17: 4998.73 | H17: =SUM(H13:H15) -> 6695.05 | J17: 6095.45 | L17: =SUM(L13:L15) -> 5359.32 | N17: =SUM(N13:N15) -> 375
A19: Total Receipts | D19: =SUM(D11+D17) -> 17364.84 | F19: 9025.82 | H19: =SUM(H11+H17) -> 18064.98 | J19: 65392.26 | L19: =SUM(L11+L17) -> 15021.74 | N19: =SUM(N11+N17) -> 7610
A21: Payments
A22: Cost of charitable activities | D22: =D43 -> 38953.65 | F22: 15202.03 | H22: 37483.81 | J22: 18920.53 | L22: 7990.62 | N22: =N43 -> 8508.09
A23: Governance costs | H23: 0 | J23: 0 | L23: 0 | N23: 0
A24: Conversion of donated equipment | L24: 0 | N24: 0
A25: Total payments | D25: =SUM(D22:D24) -> 38953.65 | F25: 15202.03 | H25: =SUM(H22:H24) -> 37483.81 | J25: 18920.53 | L25: =SUM(L22:L24) -> 7990.62 | N25: =SUM(N22:N24) -> 8508.09
A27: Deficit /Surplus for year to date | D27: =D19-D25 -> -21588.81 | F27: -6176.21 | H27: =H19-H25 -> -19418.83 | J27: 46471.73 | L27: =L19-L25 -> 7031.12 | N27: =N19-N25 -> -898.09
A29: 4. Cost of Charitable Activities
A30: Mileage paid to responders in respect of deployments | D30: =PAid!H2 -> 2558.99 | F30: 2105.68 | H30: 908.35 | J30: 3679.75 | L30: 2957.24 | N30: 0
A31: Mileage & expenses re attendance at events | D31: =PAid!P2 -> 0 | F31: 397.82 | H31: 412.25 | J31: 721.23
A32: Mileage paid to responders from grant received | L32: 269.01 | N32: 1187.55
A33: Room hires | D33: =PAid!M2 -> 20 | F33: 80 | H33: 74 | J33: 138.73 | L33: 30 | N33: 40
A34: Insurance & sub to National | D34: =PAid!N2 -> 0 | F34: 870.41 | H34: 532.81 | J34: 533.57 | L34: 433.41 | N34: 379.8
A35: Training courses | D35: =PAid!L2 -> 2235 | F35: 0 | J35: 6770 | L35: 100 | N35: 320
A36: Operating costs of communications system | D36: =PAid!G2 -> 23526.06 | F36: 3526.18 | H36: 1930 | J36: 1247.99 | L36: 997.01 | N36: 312
A37: IT and administration | D37: =PAid!I2 -> 0 | F37: 1169.24 | H37: 90.59 | J37: 323.71 | L37: 300.79 | N37: 201.55
A38: Equipment, PPE and clothing for responders | D38: =PAid!R2 -> 0 | F38: 0 | H38: 33535.81 | J38: 377.55 | L38: 706.62 | N38: =1944.9+543.44 -> 2488.34
A39: Recruitment and publicity | D39: =PAid!K2 -> 2078.4 | F39: 199.17 | L39: 1740.89 | N39: 0
A40: Cost of equipment | D40: =PAid!J2 -> 8535.2 | F40: 6853.53 | J40: 5128 | L40: 455.65 | N40: =3385.93+192.92 -> 3578.85
D43: =SUM(D30:D42) -> 38953.65 | F43: 15202.03 | H43: =SUM(H30:H42) -> 37483.81 | J43: 18920.53 | L43: =SUM(L30:L42) -> 7990.62 | N43: =SUM(N32:N42) -> 8508.09
A46: Statement of balances
A47: Cash at bank
A48: AT start of year | D48: =Download!E2 -> 30726.19 | F48: 36812.4 | H48: 56231.23 | J48: 9759.5 | L48: 2728.38 | N48: 3626.47
A49: Deficit for year to date | D49: =D27 -> -21588.81 | F49: -6176.21 | H49: -19418.83 | J49: 46471.73 | L49: 7031.12 | N49: =N27 -> -898.09
D50: =SUM(D48:D49) -> 9137.38 | F50: 30726.19 | H50: =SUM(H48:H49) -> 36812.4 | J50: 56231.23 | L50: =SUM(L48:L49) -> 9759.5 | N50: =SUM(N48:N49) -> 2728.38
A52: Whereof
A53: Restricted funds | D53: ='Movement of funds'!G60 -> 30610.29 | F53: 30610.29 | H53: 35585.99 | J53: 55250.7 | L53: 9648.7 | N53: 2101.26 | R53: 2101.26
A54: Unrestricted funds | D54: ='Movement of funds'!H60 -> 1705.51 | F54: 1705.51 | H54: 1226.41 | J54: 980.53 | L54: 110.8 | N54: 627.12 | R54: 627.12
D55: =SUM(D53:D54) -> 32315.8 | F55: 32315.8 | H55: 36812.4 | J55: 56231.23 | L55: =SUM(L53:L54) -> 9759.5 | N55: =SUM(N53:N54) -> 2728.38 | R55: 2728.38
A57: Balance per download | D57: =Download!E5 -> 9137.38 | F57: 30726.19 | H57: 36812.4 | J57: 56231.23
A58: Difference | D58: =D50-D57 -> 0 | F58: 0 | H58: =H50-H57 -> 0 | J58: 0

Sheet Movement of funds
A1: Movement of funds in year ending 31 Dec 2024
B2: 2025 | F2: 2024 | J2: 2023 | N2: 2022 | R2: 2021 | V2: 2020
B3: Total | C3: Restricted | D3: Unrestricted | F3: Total | G3: Restricted | H3: Unrestricted | J3: Total | K3: Restricted | L3: Unrestricted | N3: Total | O3: Restricted | P3: Unrestricted | R3: Total | S3: Restricted | T3: Unrestricted | V3: Total | W3: Restricted | X3: Unrestricted
A4: Transactions in year | N4: £ | O4: £ | P4: £ | R4: £ | S4: £ | T4: £
A5: Received:
A6: Grants | B6: =Received!I2 -> 14340 | C6: =B6 -> 14340 | F6: 1877.83 | G6: 1877.83 | J6: 10000 | K6: =J6 -> 10000 | N6: 57500 | O6: 57500 | R6: =SUM(S6:T6) -> 9000 | S6: 9000 | V6: =SUM(W6:X6) -> 7200 | W6: 7200
A7: Memberships | B7: =Received!F2 -> 121 | D7: =B7 -> 121 | F7: 580.5 | H7: 580.5 | J7: 325 | L7: =J7 -> 325 | N7: 790 | P7: 790 | R7: =SUM(S7:T7) -> 285 | T7: 285 | V7: =SUM(W7:X7) -> 375 | X7: 375
A8: Donations | B8: =Received!G2+Received!O2 -> 508 | D8: =B8 -> 508 | F8: 2149.26 | H8: 2149.26 | J8: 1262.89 | L8: =J8 -> 1262.89 | N8: 1263.16 | P8: 1263.16 | R8: =SUM(S8:T8) -> 662.42 | T8: 662.42 | V8: =SUM(W8:X8) -> 35 | X8: 35
A9: User services for deployments | B9: =Received!H2 -> 2271.24 | D9: =B9 -> 2271.24 | F9: 4358 | H9: 4358 | J9: 3093 | K9: 500 | L9: 2593 | N9: 4405.45 | P9: 4405.45 | R9: =SUM(S9:T9) -> 5074.32 | T9: 5074.32 | V9: =SUM(W9:X9) -> 0 | X9: 0
A10: Less: Paid to responders | B10: =-PAid!H2 -> -2558.99 | D10: =B10 -> -2558.99 | F10: -2105.68 | H10: -2105.68 | J10: -908.35 | L10: =J10 -> -908.35 | N10: -3679.75 | P10: -3679.75 | R10: =SUM(S10:T10) -> -2957.24 | T10: -2957.24 | V10: =SUM(W10:X10) -> 0 | X10: 0
B11: =SUBTOTAL(9,B9:B10) -> -287.75 | D11: =SUBTOTAL(9,D9:D10) -> -287.75 | F11: 2252.32 | H11: 2252.32 | J11: =SUBTOTAL(9,J9:J10) -> 2184.65 | K11: =SUBTOTAL(9,K9:K10) -> 500 | L11: =SUBTOTAL(9,L9:L10) -> 1684.65 | N11: =SUBTOTAL(9,N9:N10) -> 725.7 | P11: =SUBTOTAL(9,P9:P10) -> 725.7 | R11: =SUBTOTAL(9,R9:R10) -> 2117.08 | T11: =SUBTOTAL(9,T9:T10) -> 2117.08 | V11: =SUM(W11:X11) -> 0 | X11: =SUM(Y11:Z11) -> 0
A12: Assistance on events | J12: 3277.05 | L12: =J12 -> 3277.05 | N12: 900 | P12: 900
A13: Less:paid to volunteers | J13: -412.25 | L13: =J13 -> -412.25 | N13: -386.43 | P13: -386.43
B14: =SUBTOTAL(9,B12:B13) -> 0 | D14: =SUBTOTAL(9,D12:D13) -> 0 | F14: 0 | H14: 0 | J14: =SUBTOTAL(9,J12:J13) -> 2864.8 | L14: =SUBTOTAL(9,L12:L13) -> 2864.8 | N14: =SUBTOTAL(9,N12:N13) -> 513.57 | P14: =SUBTOTAL(9,P12:P13) -> 513.57
A15: Stalls income | J15: 107.04 | L15: =J15 -> 107.04 | N15: 333.65 | P15: 333.65
B17: =SUBTOTAL(9,B6:B16) -> 14681.25 | C17: =SUBTOTAL(9,C6:C16) -> 14340 | D17: =SUBTOTAL(9,D6:D16) -> 341.25 | F17: 6859.91 | G17: 1877.83 | H17: 4982.08 | J17: =SUBTOTAL(9,J6:J16) -> 16744.38 | K17: =SUBTOTAL(9,K6:K16) -> 10500 | L17: =SUBTOTAL(9,L6:L16) -> 6244.38 | N17: =SUBTOTAL(9,N6:N16) -> 61126.08 | O17: =SUBTOTAL(9,O6:O16) -> 57500 | P17: =SUBTOTAL(9,P6:P16) -> 3626.08 | R17: =SUBTOTAL(9,R6:R11) -> 12064.5 | S17: =SUBTOTAL(9,S6:S11) -> 9000 | T17: =SUBTOTAL(9,T6:T11) -> 3064.5 | V17: =SUBTOTAL(9,V6:V11) -> 7610 | W17: =SUBTOTAL(9,W6:W11) -> 7200 | X17: =SUBTOTAL(9,X6:X11) -> 410
A18: Paid
A19: Recurring costs
A20: Sims and Broadnet portal monthly charges | B20: =PAid!D2 -> 0 | D20: =B20 -> 0 | F20: 3526.18 | H20: 3526.18 | J20: 1325 | L20: =SUM(J20:K20) -> 1325 | N20: 998 | P20: =SUM(N20:O20) -> 998 | R20: =SUM(S20:T20) -> 1149.51 | S20: 152.5 | T20: 997.01 | V20: =SUM(W20:X20) -> 312 | X20: 312
A21: Starlink monthly charges | J21: 605 | L21: =SUM(J21:K21) -> 605
A22: Insurance & sub to National | B22: =PAid!N2 -> 0 | D22: =B22 -> 0 | F22: 870.41 | H22: 870.41 | J22: 532.81 | L22: =SUM(J22:K22) -> 532.81 | N22: 583.57 | P22: =SUM(N22:O22) -> 583.57 | R22: =SUM(S22:T22) -> 433.41 | T22: 433.41 | V22: =SUM(W22:X22) -> 379.8 | X22: 379.8
A23: ID badges, holders & lanyards | B23: =PAid!H45 -> 53.09 | D23: =B23 -> 53.09 | F23: 22.2 | H23: 22.2 | J23: 23.8 | L23: =SUM(J23:K23) -> 23.8 | N23: 377.55 | P23: =SUM(N23:O23) -> 377.55 | R23: =SUM(S23:T23) -> 62.99 | T23: =58+4.99 -> 62.99 | V23: =SUM(W23:X23) -> 0
A24: PPE | N24: 90.03 | P24: =SUM(N24:O24) -> 90.03 | R24: =SUM(S24:T24) -> 108.72 | T24: =113.71-4.99 -> 108.72 | V24: =SUM(W24:X24) -> 0
A25: Tuff boxes | N25: 0 | P25: =SUM(N25:O25) -> 0 | R25: =SUM(S25:T25) -> 113 | T25: 113 | V25: =SUM(W25:X25) -> 86.35 | X25: 86.35
A26: Feedback cards and boxes | N26: -75.2 | P26: =SUM(N26:O26) -> -75.2 | R26: =SUM(S26:T26) -> 0
A27: Broadnet accessories (incl S4x4R sims) | N27: 0 | P27: =SUM(N27:O27) -> 0 | R27: =SUM(S27:T27) -> 43.97 | S27: =455.65-259.18-152.5 -> 43.97 | V27: =SUM(W27:X27) -> 0
A28: Meetings | B28: =PAid!L2 -> 2235 | D28: =B28 -> 2235 | F28: 80 | H28: 80 | J28: 74 | L28: =SUM(J28:K28) -> 74 | N28: 165.28 | P28: =SUM(N28:O28) -> 165.28 | R28: =SUM(S28:T28) -> 30 | S28: 30 | V28: =SUM(W28:X28) -> 40 | X28: 40
A29: Trainer gratuity | N29: 0 | P29: =SUM(N29:O29) -> 0 | R29: =SUM(S29:T29) -> 100 | S29: 100 | V29: =SUM(W29:X29) -> 0
A30: Postage | B30: =PAid!H28 -> 0 | D30: =B30 -> 0 | F30: 4.19 | H30: 4.19 | N30: 8.35 | P30: =SUM(N30:O30) -> 8.35 | R30: =SUM(S30:T30) -> 0
A31: Domain name & IT | J31: 16.79 | L31: =SUM(J31:K31) -> 16.79 | N31: 23.98 | P31: =SUM(N31:O31) -> 23.98
A32: Radio training | N32: 0 | P32: =SUM(N32:O32) -> 0 | R32: =SUM(S32:T32) -> 0 | V32: =SUM(W32:X32) -> 320 | X32: 320
B33: =SUBTOTAL(9,B19:B32) -> 2288.09 | C33: =SUBTOTAL(9,C19:C32) -> 0 | D33: =SUBTOTAL(9,D19:D32) -> 2288.09 | F33: 4502.98 | G33: 0 | H33: 4502.98 | J33: =SUBTOTAL(9,J19:J32) -> 2577.4 | K33: =SUBTOTAL(9,K19:K32) -> 0 | L33: =SUBTOTAL(9,L19:L32) -> 2577.4 | N33: =SUBTOTAL(9,N19:N32) -> 2171.56 | P33: =SUBTOTAL(9,P19:P32) -> 2171.56 | R33: =SUBTOTAL(9,R20:R32) -> 2041.6 | S33: =SUBTOTAL(9,S20:S32) -> 326.47 | T33: =SUBTOTAL(9,T20:T32) -> 1715.13 | V33: =SUBTOTAL(9,V20:V32) -> 1138.15 | W33: =SUBTOTAL(9,W20:W32) -> 0 | X33: =SUBTOTAL(9,X20:X32) -> 1138.15
A35: One off payments
A36: Card payment machine | N36: 0 | P36: =$N36 -> 0 | R36: =SUM(S36:T36) -> 142.8 | T36: 142.8 | V36: =SUM(W36:X36) -> 0
A37: Router | N37: 249.99 | P37: =$N37 -> 249.99
A38: Telephone contact system (0300) and IT | N38: 0 | P38: =$N38 -> 0 | R38: =SUM(S38:T38) -> 124.8 | T38: 124.8 | V38: =SUM(W38:X38) -> 115.2 | X38: 115.2
A39: Gazebo | N39: 0 | P39: =$N39 -> 0 | R39: =SUM(S39:T39) -> 965.98 | T39: 965.98 | V39: =SUM(W39:X39) -> 0
A40: Artwork, lanyards, collection cans & labels | N40: 0 | P40: =$N40 -> 0 | R40: =SUM(S40:T40) -> 632.11 | T40: 632.11 | V40: =SUM(W40:X40) -> 0
A41: Covid transport | N41: 0 | P41: =$N41 -> 0 | R41: =SUM(S41:T41) -> 269.01 | S41: 269.01 | V41: =SUM(W41:X41) -> 1730.99 | W41: =1187.55+543.44 -> 1730.99
A42: Broadnet radio equipment | N42: 4220.2 | O42: =$N42 -> 4220.2 | R42: =SUM(S42:T42) -> 0 | V42: =SUM(W42:X42) -> 3578.85 | W42: 3578.85
A43: Training: LRE | N43: 6770 | O43: =$N43 -> 6770 | R43: =SUM(S43:T43) -> 0
A44: Broadnet phones for controllers | N44: 907.8 | O44: =$N44 -> 907.8 | R44: =SUM(S44:T44) -> 259.18 | S44: 259.18
A45: Event support signs | N45: 334.8 | P45: =$N45 -> 334.8 | R45: =SUM(S45:T45) -> 0
A46: Communications project | B46: =PAid!G2 -> 23526.06 | C46: =B46 -> 23526.06 | F46: 6853.53 | G46: 6853.53
A47: Retirement gratuity to founder member | J47: 50 | L47: =J47 -> 50 | R47: =SUBTOTAL(9,R36:R46) -> 2393.88 | S47: =SUBTOTAL(9,S36:S46) -> 528.19 | T47: =SUBTOTAL(9,T36:T46) -> 1865.69 | V47: =SUBTOTAL(9,V36:V46) -> 5425.04 | W47: =SUBTOTAL(9,W36:W46) -> 5309.84 | X47: =SUBTOTAL(9,X36:X46) -> 115.2
A48: Keela: Clothing new recruits | J48: 3644.71 | K48: =J48 -> 3644.71
A49: Starlink satellite unit | J49: 320 | K49: =J49 -> 320
A50: Speaker | J50: 100.12 | L50: 100.12
A51: Trailer | J51: 16200 | K51: =J51 -> 16200
A52: Containers (Incl signage and key safe) | J52: 13270.98 | K52: 10000 | L52: 3270.98
B53: =SUBTOTAL(9,B35:B52) -> 23526.06 | C53: =SUBTOTAL(9,C35:C52) -> 23526.06 | D53: =SUBTOTAL(9,D35:D52) -> 0 | F53: 6853.53 | G53: 6853.53 | H53: 0 | J53: =SUBTOTAL(9,J35:J52) -> 33585.81 | K53: =SUBTOTAL(9,K35:K52) -> 30164.71 | L53: =SUBTOTAL(9,L35:L52) -> 3421.1 | N53: =SUBTOTAL(9,N35:N48) -> 12482.79 | O53: =SUBTOTAL(9,O31:O48) -> 11898 | P53: =SUBTOTAL(9,P35:P48) -> 584.79 | R53: =SUBTOTAL(9,R20:R47) -> 4435.48 | S53: =SUBTOTAL(9,S20:S47) -> 854.66 | T53: =SUBTOTAL(9,T20:T47) -> 3580.82 | V53: =SUBTOTAL(9,V20:V47) -> 6563.19 | W53: =SUBTOTAL(9,W20:W47) -> 5309.84 | X53: =SUBTOTAL(9,X20:X47) -> 1253.35
A55: Total paid in year | B55: =SUBTOTAL(9,B19:B53) -> 25814.15 | C55: =SUBTOTAL(9,C19:C53) -> 23526.06 | D55: =SUBTOTAL(9,D19:D53) -> 2288.09 | F55: 11356.51 | G55: 6853.53 | H55: 4502.98 | J55: =SUBTOTAL(9,J19:J53) -> 36163.21 | K55: =SUBTOTAL(9,K19:K53) -> 30164.71 | L55: =SUBTOTAL(9,L19:L53) -> 5998.5 | N55: =SUBTOTAL(9,N19:N48) -> 14654.35 | O55: =SUBTOTAL(9,O19:O48) -> 11898 | P55: =SUBTOTAL(9,P19:P48) -> 2756.35 | R55: =R17-R53 -> 7629.02 | S55: =S17-S53 -> 8145.34 | T55: =T17-T53 -> -516.32 | V55: =V17-V53 -> 1046.81 | W55: =W17-W53 -> 1890.16 | X55: =X17-X53 -> -843.35
A57: Net transactions in year | B57: =B17-B55 -> -11132.9 | C57: =C17-C55 -> -9186.06 | D57: =D17-D55 -> -1946.84 | F57: -4496.6 | G57: -4975.7 | H57: 479.1 | J57: =J17-J55 -> -19418.83 | K57: =K17-K55 -> -19664.71 | L57: =L17-L55 -> 245.88 | N57: =N17-N55 -> 46471.73 | O57: =O17-O55 -> 45602 | P57: =P17-P55 -> 869.73
A59: Bank balance at start of year | B59: =Download!E2 -> 30726.19 | F59: 36812.4 | G59: 35585.99 | H59: 1226.41 | J59: 56231.23 | K59: 55250.7 | L59: 980.53 | N59: 9759.5 | O59: 9648.7 | P59: 110.8 | R59: 2728.38 | S59: 2101.26 | T59: 627.12 | V59: =SUM(W59:X59) -> 3626.47 | W59: 2156 | X59: 1470.47
A60: Bank balance at 26/05/2025 | B60: 13978.13 | F60: 32315.8 | G60: 30610.29 | H60: 1705.51 | J60: =SUBTOTAL(9,J55:J59) -> 36812.4 | K60: =SUBTOTAL(9,K55:K59) -> 35585.99 | L60: =SUBTOTAL(9,L55:L59) -> 1226.41 | N60: =SUBTOTAL(9,N55:N59) -> 56231.23 | O60: =SUBTOTAL(9,O55:O59) -> 55250.7 | P60: =SUBTOTAL(9,P55:P59) -> 980.53 | R60: =SUM(R55+R59) -> 10357.4 | S60: =SUM(S55+S59) -> 10246.6 | T60: =SUM(T55+T59) -> 110.8 | V60: =SUM(V55+V59) -> 4673.28 | W60: =SUM(W55+W59) -> 4046.16 | X60: =SUM(X55+X59) -> 627.12

Sheet Download
A1: DOWNLOADS | E1: Download | F1: CB
C2: closing balance 31/12/2024 | E2: 30726.19 | F2: 30726.19
D3: Received | E3: =D328 -> 17364.84 | F3: =Received!E2 -> 17364.84 | G3: =E3-F3 -> 0
D4: Paid | E4: =-C328 -> -38953.65 | F4: =-PAid!E2 -> -38953.65 | G4: =E4-F4 -> 0
E5: =SUM(E2:E4) -> 9137.38 | F5: =SUM(F2:F4) -> 9137.38 | G5: =E5-F5 -> 0
A7: Date | B7: Transaction Description | C7: Debit Amount | D7: Credit Amount | E7: Balance
A8: 45659 | B8: MORAG FYFE LOUDON R LOUDON 250101230742430726 874401 30 02JAN25 03:27 | D8: 5.5 | E8: 30644.69
A9: 45659 | B9: STRATHCLYDE 4X4 RE | C9: 87 | E9: 30639.19
A10: 45660 | B10: J BEATTIE TA81SIMBEATTIE | D10: 5.5 | E10: 30650.19
A11: 45663 | B11: BATHO M C/ROYPREM TA09 SIM 47013105015140000R 834700 30 06JAN25 01:40 | D11: 5.5 | E11: 30699.69
A12: 45663 | B12: LAING KA TA90SIMLAING 25013115268260000R 834700 30 06JAN25 01:32 | D12: 5.5 | E12: 30694.19
A13: 45663 | B13: ROUSE EHS TA62SIMROUSE RP4672665655949600 205425 30 06JAN25 01:28 | D13: 5.5 | E13: 30688.69
A14: 45663 | B14: MR CAMPBELL TA42SIMCAMPBELL 000000000124889325 089286 30 06JAN25 00:54 | D14: 5.5 | E14: 30683.19
A15: 45663 | B15: ALEXANDER GREENLEE TA47SIMGREENLEES CBSOX0054397839531 826625 30 06JAN25 00:54 | D15: 5.5 | E15: 30677.69
A16: 45663 | B16: ARTHUR DEREK TA44SIMARTHUR FP25005O49919544 070806 30 06JAN25 00:51 | D16: 5.5 | E16: 30672.19
A17: 45663 | B17: D O'CONNOR TA84SIMO'CONNOR | D17: 5.5 | E17: 30666.69
A18: 45663 | B18: L REANEY TA68SIMREANEY | D18: 5.5 | E18: 30661.19
A19: 45663 | B19: JIM BUTCHER LIMITE TA91SIMBUTCHER J63EV45DZPQ642OWGP 608371 10 05JAN25 01:45 | D19: 5.5 | E19: 30655.69
A20: 45666 | B20: TAYSIDE HEALTH BD | D20: 7170 | E20: 37869.69
A21: 45673 | B21: DAS SIGNS LTD 200000001488075793 INV-3459 090129 10 16JAN25 08:26 | C21: 784.8 | E21: 37084.89
A22: 45674 | B22: CANCER RESEARCH TR CR TRAD - 15012025 | D22: 90 | E22: 37174.89
A23: 45678 | B23: TAYSIDE HEALTH BD | D23: 7170 | E23: 44344.89
A24: 45680 | B24: C BEEDIE COLIN BEEDIE. | D24: 6 | E24: 44350.89
A25: 45684 | B25: NICHOLSON MR R/RYT TA36SIMNICHOLSON 42013050017044000R 832516 30 27JAN25 01:44 | D25: 5 | E25: 44288.89
A26: 45684 | B26: GILLIES DJ TA73SIMGILLIES 13013045517862000R 834700 30 27JAN25 01:32 | D26: 5.5 | E26: 44283.89
A27: 45684 | B27: GORDON TAYLOR TA67SIMTAYLOR 00151654632BBKFTXK 090127 30 27JAN25 00:35 | D27: 5.5 | E27: 44278.39
A28: 45684 | B28: GOCARDLESS BROADNETCOMM-TC38Q | C28: 78 | E28: 44272.89
A29: 45691 | B29: MORAG FYFE LOUDON R LOUDON 250202230914550081 874401 30 03FEB25 08:41 | D29: 5.5 | E29: 44212.89
A30: 45691 | B30: STRATHCLYDE 4X4 RE | C30: 87 | E30: 44207.39
A31: 45691 | B31: J BEATTIE TA81SIMBEATTIE | D31: 5.5 | E31: 44294.39
A32: 45693 | B32: LAING KA TA90SIMLAING 56023047538017000R 834700 30 05FEB25 02:39 | D32: 5.5 | E32: 44262.39
A33: 45693 | B33: BATHO M C/ROYPREM TA09 SIM 07023042998284000R 834700 30 05FEB25 02:35 | D33: 5.5 | E33: 44256.89
A34: 45693 | B34: ROUSE EHS TA62SIMROUSE RP4672665677553700 205425 30 05FEB25 01:18 | D34: 5.5 | E34: 44251.39
A35: 45693 | B35: MR CAMPBELL TA42SIMCAMPBELL 000000000125408500 089286 30 05FEB25 01:07 | D35: 5.5 | E35: 44245.89
A36: 45693 | B36: JIM BUTCHER LIMITE TA91SIMBUTCHER RD182Y37J81WYN4Y60 608371 30 05FEB25 01:06 | D36: 5.5 | E36: 44240.39
A37: 45693 | B37: ALEXANDER GREENLEE TA47SIMGREENLEES CBSOX0049031242503 826625 30 05FEB25 00:49 | D37: 5.5 | E37: 44234.89
A38: 45693 | B38: ARTHUR DEREK TA44SIMARTHUR FP25035O57177408 070806 30 05FEB25 00:34 | D38: 5.5 | E38: 44229.39
A39: 45693 | B39: D O'CONNOR TA84SIMO'CONNOR | D39: 5.5 | E39: 44223.89
A40: 45693 | B40: L REANEY TA68SIMREANEY | D40: 5.5 | E40: 44218.39
A41: 45699 | B41: EASY FUNDRAISING 36489 QUARTER 4 20 | D41: 43.24 | E41: 44305.63
A42: 45708 | B42: SARSTUFF CIC 400000001516380146 608371 10 20FEB25 13:29 | C42: 1584 | E42: 42721.63
A43: 45713 | B43: NICHOLSON MR R/RYT TA36SIMNICHOLSON 08023043761608000R 832516 30 25FEB25 02:39 | D43: 5 | E43: 42737.63
A44: 45713 | B44: GILLIES DJ TA73SIMGILLIES 36023036686545000R 834700 30 25FEB25 02:39 | D44: 5.5 | E44: 42732.63
A45: 45713 | B45: GORDON TAYLOR TA67SIMTAYLOR HUBX779A53844D67BB 090127 30 25FEB25 00:06 | D45: 5.5 | E45: 42727.13
A46: 45714 | B46: GOCARDLESS BROADNETCOMM-TC38Q | C46: 78 | E46: 42659.63
A47: 45715 | B47: BRENTWOOD COMMUNIC 100000001506429454 600325 10 27FEB25 18:36 | C47: 5205 | E47: 37454.63
A48: 45719 | B48: MORAG FYFE LOUDON R LOUDON 250302230848185502 874401 30 03MAR25 03:53 | D48: 5.5 | E48: 37378.63
A49: 45719 | B49: STRATHCLYDE 4X4 RE | C49: 87 | E49: 37373.13
A50: 45719 | B50: J BEATTIE TA81SIMBEATTIE | D50: 5.5 | E50: 37460.13
A51: 45721 | B51: BATHO M C/ROYPREM TA09 SIM 10023046341475000R 834700 30 05MAR25 02:37 | D51: 5.5 | E51: 37428.13
A52: 45721 | B52: ROUSE EHS TA62SIMROUSE RP4672665698598500 205425 30 05MAR25 02:34 | D52: 5.5 | E52: 37422.63
A53: 45721 | B53: LAING KA TA90SIMLAING 15023051705327000R 834700 30 05MAR25 02:33 | D53: 5.5 | E53: 37417.13
A54: 45721 | B54: ARTHUR DEREK TA44SIMARTHUR FP25063O42754551 070806 30 05MAR25 01:18 | D54: 5.5 | E54: 37411.63
A55: 45721 | B55: MR CAMPBELL TA42SIMCAMPBELL 000000000125907306 089286 30 05MAR25 01:12 | D55: 5.5 | E55: 37406.13
A56: 45721 | B56: JIM BUTCHER LIMITE TA91SIMBUTCHER EWR02O8G6RPMEN34L1 608371 30 05MAR25 01:06 | D56: 5.5 | E56: 37400.63
A57: 45721 | B57: ALEXANDER GREENLEE TA47SIMGREENLEES CBSOX0049135234802 826625 30 05MAR25 00:49 | D57: 5.5 | E57: 37395.13
A58: 45721 | B58: D O'CONNOR TA84SIMO'CONNOR | D58: 5.5 | E58: 37389.63
A59: 45721 | B59: L REANEY TA68SIMREANEY | D59: 5.5 | E59: 37384.13
A60: 45741 | B60: NICHOLSON MR R/RYT TA36SIMNICHOLSON 52023050163540000R 832516 30 25MAR25 02:39 | D60: 5 | E60: 37444.13
A61: 45741 | B61: GILLIES DJ TA73SIMGILLIES 48023048244234000R 834700 30 25MAR25 02:36 | D61: 5.5 | E61: 37439.13
A62: 45741 | B62: GORDON TAYLOR TA67SIMTAYLOR HUBXC5F8E5961E86B9 090127 30 25MAR25 00:11 | D62: 5.5 | E62: 37433.63
A63: 45742 | B63: GOCARDLESS BROADNETCOMM-TC38Q | C63: 78 | E63: 37366.13
A64: 45748 | B64: MORAG FYFE LOUDON R LOUDON 250331230855957602 874401 30 01APR25 03:07 | D64: 5.5 | E64: 37284.63
A65: 45748 | B65: STRATHCLYDE 4X4 RE | C65: 87 | E65: 37279.13
A66: 45750 | B66: J BEATTIE TA81SIMBEATTIE | D66: 5.5 | E66: 37290.13
A67: 45754 | B67: ROUSE EHS TA62SIMROUSE RP4672665721447900 205425 30 07APR25 01:57 | D67: 5.5 | E67: 37317.63
A68: 45754 | B68: BATHO M C/ROYPREM TA09 SIM 36013105619506000R 834700 30 07APR25 01:46 | D68: 5.5 | E68: 37312.13
A69: 45754 | B69: ARTHUR DEREK TA44SIMARTHUR FP25096O54118716 070806 30 07APR25 01:06 | D69: 5.5 | E69: 37306.63
A70: 45754 | B70: ALEXANDER GREENLEE TA47SIMGREENLEES CBSOX0053468432474 826625 30 07APR25 00:53 | D70: 5.5 | E70: 37301.13
A71: 45754 | B71: MR CAMPBELL TA42SIMCAMPBELL 000000000126428885 089286 30 07APR25 00:50 | D71: 5.5 | E71: 37295.63
A72: 45757 | B72: THE WILL-BURT COMP 500000001540446894 INV 3337 - T4X4R 609242 10 10APR25 20:59 | C72: 11116.8 | E72: 26200.83
A73: 45769 | B73: DEREK ARTHUR 600000001546081605 BM RECEIPTS 070806 10 22APR25 10:08 | C73: 56 | E73: 23694.05
A74: 45769 | B74: DEREK ARTHUR 500000001546274882 COSTCO 829-1 070806 10 22APR25 07:56 | C74: 539.98 | E74: 23750.05
A75: 45769 | B75: DEREK ARTHUR 400000001551088007 COSTSCO 414-1 070806 10 22APR25 07:54 | C75: 539.98 | E75: 24290.03
A76: 45769 | B76: DEREK ARTHUR 100000001537089658 CABLE BOOTS 070806 10 22APR25 07:54 | C76: 10.99 | E76: 24830.01
A77: 45769 | B77: DEREK ARTHUR 200000001542234570 CLIPS / CABLES 070806 10 22APR25 07:52 | C77: 9.99 | E77: 24841
A78: 45769 | B78: DEREK ARTHUR 600000001546007107 E7 / G4 ROUTER 070806 10 22APR25 07:52 | C78: 584.4 | E78: 24850.99
A79: 45769 | B79: DEREK ARTHUR 400000001551086197 ECOFLOW 070806 10 22APR25 07:51 | C79: 126 | E79: 25435.39
A80: 45769 | B80: DEREK ARTHUR 400000001551085848 RHINO CABLES 070806 10 22APR25 07:50 | C80: 10.99 | E80: 25561.39
A81: 45769 | B81: DEREK ARTHUR 100000001537087506 AMAZON LABELS MKR 070806 10 22APR25 07:49 | C81: 39.99 | E81: 25572.38
A82: 45769 | B82: DEREK ARTHUR 300000001549660283 KG BROWN LTD 070806 10 22APR25 07:48 | C82: 17.61 | E82: 25612.37
A83: 45769 | B83: DEREK ARTHUR 600000001546005115 AMAZON STARLINK MT 070806 10 22APR25 07:48 | C83: 9.99 | E83: 25629.98
... A86: 45772 | B86: ARCHIE & ALISON CO 200000001544417072 DUNTRUNE TRAILERS 876811 10 25APR25 15:51 | C86: 179.5 | E86: 23520.05
A87: 45772 | B87: GORDON TAYLOR TA67SIMTAYLOR HUBXDF79A64F1BE1A1 090127 30 25APR25 00:15 | D87: 5.5 | E87: 23699.55
A88: 45775 | B88: GOCARDLESS BROADNETCOMM-TC38Q | C88: 78 | E88: 23442.05
A89: 45778 | B89: MORAG FYFE LOUDON R LOUDON 250430230831135533 874401 30 01MAY25 03:53 | D89: 5.5 | E89: 23360.55
A90: 45778 | B90: STRATHCLYDE 4X4 RE | C90: 87 | E90: 23355.05
A91: 45783 | B91: ROUSE EHS TA62SIMROUSE RP4672665741948200 205425 30 06MAY25 02:07 | D91: 5.5 | E91: 23388.05
A92: 45783 | B92: BATHO M C/ROYPREM TA09 SIM 24013132934627000R 834700 30 06MAY25 01:55 | D92: 5.5 | E92: 23382.55
A93: 45783 | B93: MR CAMPBELL TA42SIMCAMPBELL 000000000126906792 089286 30 06MAY25 00:59 | D93: 5.5 | E93: 23377.05
A94: 45783 | B94: ALEXANDER GREENLEE TA47SIMGREENLEES CBSOX0057392618636 826625 30 06MAY25 00:57 | D94: 5.5 | E94: 23371.55
A95: 45783 | B95: J BEATTIE TA81SIMBEATTIE | D95: 5.5 | E95: 23366.05
A96: 45785 | B96: GORDON TAYLOR 600000001556189706 MUCK N MAC FUEL 090127 10 08MAY25 22:14 | C96: 92.35 | E96: 19166.3
A97: 45785 | B97: MURRAY DUGUID 200000001552439269 MNM FUEL 070116 10 08MAY25 22:11 | C97: 62.76 | E97: 19258.65
A98: 45785 | B98: AIDAN THOMSON 100000001547300045 MNM FUEL 070806 10 08MAY25 22:07 | C98: 45.84 | E98: 19321.41
A99: 45785 | B99: DIANA BAINES 300000001559817781 MUCK N MAC STARLNK 800618 10 08MAY25 20:30 | C99: 31.1 | E99: 19367.25
A100: 45785 | B100: SCOTT DICKINSON 200000001552392230 LR129 MUCK N MAC 600410 10 08MAY25 20:29 | C100: 34.24 | E100: 19398.35
A101: 45785 | B101: KEITH LAING 400000001561244137 MM FUEL 834700 10 08MAY25 20:25 | C101: 70.16 | E101: 19432.59
A102: 45785 | B102: KEITH LAING 300000001559814628 MM GEN FUEL 834700 10 08MAY25 20:24 | C102: 17.92 | E102: 19502.75
A103: 45785 | B103: JAMES BUTCHER 300000001559814170 MM FUEL 608371 10 08MAY25 20:23 | C103: 53.09 | E103: 19520.67
...

Sheet Received
A1: T4x4R Cash book: Receipts | AA1: SIM RECEIPTS summary at line 200
C2: RECEIVED | E2: =E205 -> 17364.84 | F2: =F205 -> 121 | G2: =G205 -> 508 | H2: =H205 -> 2271.24 | I2: =I205 -> 14340 | J2: =J205 -> 0 | K2: =K205 -> 0 | L2: =L205 -> 0 | ... U2: =U205 -> 0
B3: =B205 -> 0 | AA3: =AA168 -> 0 | AB3: =AB168 -> 0 | AC3: =AC168 -> 0 | AD3: =AD168 -> 0 | AE3: =AE168 -> 0 | AF3: =AF168 -> 0 | AG3: =AG168 -> 0 | AH3: =AH168 -> 0 | ... AR3: =AR168 -> 0
A4: Date | B4: XCHK | C4: Details | D4: XADD SIMS | E4: £ | F4: Members subs | G4: Donations from members | H4: Deployments | I4: Grants | J4: Broadnet refund | K4: Other | L4: Events | M4: Stalls income | N4: Comms project | O4: Unicorn | P4: Wedding driving | Q4: Tr to restricted funds | R4: Donations other | AA4: C Beedie | AB4: M Batho | AC4: J Beattie | AD4: Derek Arthur | AE4: Iain Campbell | AF4: Iain Reid | AG4: Robin Loudon | AH4: Gerry Burke | AI4: Gordon Taylor | AJ4: E Rouse | AK4: Dan O'Connor | AL4: Bobby Nicolson | AM4: Reaney | AN4: Gillies | AO4: K Laing | AP4: Greenlees | AQ4: Jim Butcher | AZ4: SIM XCHK
A7: 45659 | B7: =E7-SUM(F7:T7) -> 0 | C7: MORAG FYFE LOUDON R LOUDON 250101230742430726 874401 30 02JAN25 03:27 | E7: 5.5 | G7: 5.5
A8: 45660 | B8: =E8-SUM(F8:T8) -> 0 | C8: J BEATTIE TA81SIMBEATTIE | E8: 5.5 | G8: 5.5
A9: 45663 | B9: =E9-SUM(F9:T9) -> 0 | C9: BATHO M C/ROYPREM TA09 SIM 47013105015140000R 834700 30 06JAN25 01:40 | E9: 5.5 | G9: 5.5
A10: 45663 | B10: =E10-SUM(F10:T10) -> 0 | C10: LAING KA TA90SIMLAING 25013115268260000R 834700 30 06JAN25 01:32 | E10: 5.5 | G10: 5.5
A11: 45663 | B11: =E11-SUM(F11:T11) -> 0 | C11: ROUSE EHS TA62SIMROUSE RP4672665655949600 205425 30 06JAN25 01:28 | E11: 5.5 | G11: 5.5
A12: 45663 | B12: =E12-SUM(F12:T12) -> 0 | C12: MR CAMPBELL TA42SIMCAMPBELL 000000000124889325 089286 30 06JAN25 00:54 | E12: 5.5 | G12: 5.5
A13: 45663 | B13: =E13-SUM(F13:T13) -> 0 | C13: ALEXANDER GREENLEE TA47SIMGREENLEES CBSOX0054397839531 826625 30 06JAN25 00:54 | E13: 5.5 | G13: 5.5
A14: 45663 | B14: =E14-SUM(F14:T14) -> 0 | C14: ARTHUR DEREK TA44SIMARTHUR FP25005O49919544 070806 30 06JAN25 00:51 | E14: 5.5 | G14: 5.5
A15: 45663 | B15: =E15-SUM(F15:T15) -> 0 | C15: D O'CONNOR TA84SIMO'CONNOR | E15: 5.5 | G15: 5.5
A16: 45663 | B16: =E16-SUM(F16:T16) -> 0 | C16: L REANEY TA68SIMREANEY | E16: 5.5 | G16: 5.5
A17: 45663 | B17: =E17-SUM(F17:T17) -> 0 | C17: JIM BUTCHER LIMITE TA91SIMBUTCHER J63EV45DZPQ642OWGP 608371 10 05JAN25 01:45 | E17: 5.5 | G17: 5.5
A18: 45666 | B18: =E18-SUM(F18:T18) -> 0 | C18: TAYSIDE HEALTH BD | E18: 7170 | I18: 7170
A19: 45674 | B19: =E19-SUM(F19:T19) -> 0 | C19: CANCER RESEARCH TR CR TRAD - 15012025 | E19: 90 | H19: 90
A20: 45678 | B20: =E20-SUM(F20:T20) -> 0 | C20: TAYSIDE HEALTH BD | E20: 7170 | I20: 7170
A21: 45680 | B21: =E21-SUM(F21:T21) -> 0 | C21: C BEEDIE COLIN BEEDIE. | E21: 6 | G21: 6
A22: 45684 | B22: =E22-SUM(F22:T22) -> 0 | C22: NICHOLSON MR R/RYT TA36SIMNICHOLSON 42013050017044000R 832516 30 27JAN25 01:44 | E22: 5 | G22: 5
A23: 45684 | B23: =E23-SUM(F23:T23) -> 0 | C23: GILLIES DJ TA73SIMGILLIES 13013045517862000R 834700 30 27JAN25 01:32 | E23: 5.5 | G23: 5.5
A24: 45684 | B24: =E24-SUM(F24:T24) -> 0 | C24: GORDON TAYLOR TA67SIMTAYLOR 00151654632BBKFTXK 090127 30 27JAN25 00:35 | E24: 5.5 | G24: 5.5
A25: 45691 | B25: =E25-SUM(F25:T25) -> 0 | C25: MORAG FYFE LOUDON R LOUDON 250202230914550081 874401 30 03FEB25 08:41 | E25: 5.5 | G25: 5.5
A26: 45691 | B26: =E26-SUM(F26:T26) -> 0 | C26: J BEATTIE TA81SIMBEATTIE | E26: 5.5 | G26: 5.5
A27: 45693 | B27: =E27-SUM(F27:T27) -> 0 | C27: LAING KA TA90SIMLAING 56023047538017000R 834700 30 05FEB25 02:39 | E27: 5.5 | G27: 5.5
A28: 45693 | B28: =E28-SUM(F28:T28) -> 0 | C28: BATHO M C/ROYPREM TA09 SIM 07023042998284000R 834700 30 05FEB25 02:35 | E28: 5.5 | G28: 5.5
A29: 45693 | B29: =E29-SUM(F29:T29) -> 0 | C29: ROUSE EHS TA62SIMROUSE RP4672665677553700 205425 30 05FEB25 01:18 | E29: 5.5 | G29: 5.5
A30: 45693 | B30: =E30-SUM(F30:T30) -> 0 | C30: MR CAMPBELL TA42SIMCAMPBELL 000000000125408500 089286 30 05FEB25 01:07 | E30: 5.5 | G30: 5.5
A31: 45693 | B31: =E31-SUM(F31:T31) -> 0 | C31: JIM BUTCHER LIMITE TA91SIMBUTCHER RD182Y37J81WYN4Y60 608371 30 05FEB25 01:06 | E31: 5.5 | G31: 5.5
A32: 45693 | B32: =E32-SUM(F32:T32) -> 0 | C32: ALEXANDER GREENLEE TA47SIMGREENLEES CBSOX0049031242503 826625 30 05FEB25 00:49 | E32: 5.5 | G32: 5.5
... A35: 45693 | B35: =E35-SUM(F35:T35) -> 0 | C35: L REANEY TA68SIMREANEY | E35: 5.5 | G35: 5.5
A36: 45699 | B36: =E36-SUM(F36:T36) -> 0 | C36: EASY FUNDRAISING 36489 QUARTER 4 20 | E36: 43.24 | R36: 43.24
A37: 45713 | B37: =E37-SUM(F37:T37) -> 0 | C37: NICHOLSON MR R/RYT TA36SIMNICHOLSON 08023043761608000R 832516 30 25FEB25 02:39 | E37: 5 | G37: 5
A38: 45713 | B38: =E38-SUM(F38:T38) -> 0 | C38: GILLIES DJ TA73SIMGILLIES 36023036686545000R 834700 30 25FEB25 02:39 | E38: 5.5 | G38: 5.5
A39: 45713 | B39: =E39-SUM(F39:T39) -> 0 | C39: GORDON TAYLOR TA67SIMTAYLOR HUBX779A53844D67BB 090127 30 25FEB25 00:06 | E39: 5.5 | G39: 5.5
A40: 45719 | B40: =E40-SUM(F40:T40) -> 0 | C40: MORAG FYFE LOUDON R LOUDON 250302230848185502 874401 30 03MAR25 03:53 | E40: 5.5 | G40: 5.5
A41: 45719 | B41: =E41-SUM(F41:T41) -> 0 | C41: J BEATTIE TA81SIMBEATTIE | E41: 5.5 | G41: 5.5
A42: 45721 | B42: =E42-SUM(F42:T42) -> 0 | C42: BATHO M C/ROYPREM TA09 SIM 10023046341475000R 834700 30 05MAR25 02:37 | E42: 5.5 | G42: 5.5
A43: 45721 | B43: =E43-SUM(F43:T43) -> 0 | C43: ROUSE EHS TA62SIMROUSE RP4672665698598500 205425 30 05MAR25 02:34 | E43: 5.5 | G43: 5.5
A44: 45721 | B44: =E44-SUM(F44:T44) -> 0 | C44: LAING KA TA90SIMLAING 15023051705327000R 834700 30 05MAR25 02:33 | E44: 5.5 | G44: 5.5
A45: 45721 | B45: =E45-SUM(F45:T45) -> 0 | C45: ARTHUR DEREK TA44SIMARTHUR FP25063O42754551 070806 30 05MAR25 01:18 | E45: 5.5 | G45: 5.5
A46: 45721 | B46: =E46-SUM(F46:T46) -> 0 | C46: MR CAMPBELL TA42SIMCAMPBELL 000000000125907306 089286 30 05MAR25 01:12 | E46: 5.5 | G46: 5.5
A47: 45721 | B47: =E47-SUM(F47:T47) -> 0 | C47: JIM BUTCHER LIMITE TA91SIMBUTCHER EWR02O8G6RPMEN34L1 608371 30 05MAR25 01:06 | E47: 5.5 | G47: 5.5
A48: 45721 | B48: =E48-SUM(F48:T48) -> 0 | C48: ALEXANDER GREENLEE TA47SIMGREENLEES CBSOX0049135234802 826625 30 05MAR25 00:49 | E48: 5.5 | G48: 5.5
... A68: 45785 | B68: =E68-SUM(F68:T68) -> 0 | C68: ROBIN LOUDON 100000001547249840 CRUK HOTEL 874401 10 08MAY25 20:19 (REFUND) | E68: 93.5 | G68: 93.5
A69: 45790 | B69: =E69-SUM(F69:T69) -> 0 | C69: EASY FUNDRAISING 36489 QUARTER 1 20 | E69: 28.39 | R69: 28.39
A70: 45796 | B70: =E70-SUM(F70:T70) -> 0 | C70: OUTSIDER EVENTS LI EVENT SERVICES - M REV476711695751042 040075 10 19MAY25 17:12 | E70: 734.24 | H70: 734.24
A71: 45804 | B71: =E71-SUM(F71:T71) -> 0 | C71: GORDON TAYLOR TA67SIMTAYLOR HUBXBA8EB50BC8691D 090127 30 27MAY25 00:29 | E71: 5.5 | F71: 5.5
A72: 45810 | B72: =E72-SUM(F72:T72) -> 0 | C72: MORAG FYFE LOUDON R LOUDON 250601230908819977 874401 30 02JUN25 03:36 | E72: 5.5 | F72: 5.5
A73: 45811 | B73: =E73-SUM(F73:T73) -> 0 | C73: GORDON TAYLOR ONE OFF DONATION. 00151654632BBKMHMR 090127 10 03JUN25 10:33 | E73: 60 | G73: 60
A74: 45811 | B74: =E74-SUM(F74:T74) -> 0 | C74: J BEATTIE TA81SIMBEATTIE | E74: 5.5 | F74: 5.5
A75: 45813 | B75: =E75-SUM(F75:T75) -> 0 | C75: MORAG FYFE LOUDON R LOUDON 250605141830431898 874401 10 05JUN25 14:18 | E75: 42 | G75: 42
A76: 45813 | B76: =E76-SUM(F76:T76) -> 0 | C76: BATHO M C/ROYPREM TA09 SIM 37023051676183000R 834700 30 05JUN25 02:33 | E76: 5.5 | F76: 5.5
A77: 45813 | B77: =E77-SUM(F77:T77) -> 0 | C77: ROUSE EHS TA62SIMROUSE RP4672665763783700 205425 30 05JUN25 01:13 | E77: 5.5 | F77: 5.5
A78: 45813 | B78: =E78-SUM(F78:T78) -> 0 | C78: MR CAMPBELL TA42SIMCAMPBELL 000000000127429593 089286 30 05JUN25 01:06 | E78: 5.5 | F78: 5.5
A79: 45813 | B79: =E79-SUM(F79:T79) -> 0 | C79: ALEXANDER GREENLEE TA47SIMGREENLEES CBSOX0049586245206 826625 30 05JUN25 00:49 | E79: 5.5 | F79: 5.5
A80: 45827 | B80: =E80-SUM(F80:T80) -> 0 | C80: TAYSIDE HEALTH BD | E80: 198.07 | H80: 198.07
A81: 45833 | B81: =E81-SUM(F81:T81) -> 0 | C81: GORDON TAYLOR TA67SIMTAYLOR HUBXBDF476513F02AF 090127 30 25JUN25 00:13 | E81: 5.5 | F81: 5.5
A82: 45839 | B82: =E82-SUM(F82:T82) -> 0 | C82: MORAG FYFE LOUDON R LOUDON 250630231046916832 874401 30 01JUL25 03:01 | E82: 5.5 | F82: 5.5
A83: 45845 | B83: =E83-SUM(F83:T83) -> 0 | C83: BATHO M C/ROYPREM TA09 SIM 10013051080645000R 834700 30 07JUL25 01:43 | E83: 5.5 | F83: 5.5
A84: 45845 | B84: =E84-SUM(F84:T84) -> 0 | C84: MR CAMPBELL TA42SIMCAMPBELL 000000000127942440 089286 30 07JUL25 00:54 | E84: 5.5 | F84: 5.5
A85: 45845 | B85: =E85-SUM(F85:T85) -> 0 | C85: ALEXANDER GREENLEE TA47SIMGREENLEES CBSOX0052470419816 826625 30 07JUL25 00:52 | E85: 5.5 | F85: 5.5
A86: 45852 | B86: =E86-SUM(F86:T86) -> 0 | C86: J BEATTIE GLAMIS RATTLE CANS 500000001594629579 809126 10 14JUL25 22:28 | E86: 27.04 | R86: 27.04
A87: 25/07/2025 | B87: =E87-SUM(F87:T87) -> 0 | C87: GORDON TAYLOR TA67SIMTAYLOR HUBX3DB360AE0A20E0 090127 30 25JUL25 00:15 | E87: 5.5 | F87: 5.5
A88: 29/07/2025 | B88: =E88-SUM(F88:T88) -> 0 | C88: OUTSIDER EVENTS LI EVENT SERVICES - G REV537932999685934 040075 10 29JUL25 13:48 | E88: 687.57 | H88: 687.57
A89: 29/07/2025 | B89: =E89-SUM(F89:T89) -> 0 | C89: OUTSIDER EVENTS LI EVENT SERVICES - C REV537904333572343 040075 10 29JUL25 13:00 | E89: 561.36 | H89: 561.36
A90: 45665 | B90: =E90-SUM(F90:T90) -> 0 | C90: MORAG FYFE LOUDON R LOUDON 250731230955904744 874401 30 01AUG25 03:30 | E90: 5.5 | F90: 5.5
A91: 45785 | B91: =E91-SUM(F91:T91) -> 0 | C91: BATHO M C/ROYPREM TA09 SIM 40023040420604000R 834700 30 05AUG25 02:39 | E91: 5.5 | F91: 5.5
A92: 45785 | B92: =E92-SUM(F92:T92) -> 0 | C92: MR CAMPBELL TA42SIMCAMPBELL 000000000128438140 089286 30 05AUG25 01:18 | E92: 5.5 | F92: 5.5
A93: 45785 | B93: =E93-SUM(F93:T93) -> 0 | C93: ALEXANDER GREENLEE TA47SIMGREENLEES CBSOX0048384412246 826625 30 05AUG25 00:48 | E93: 5.5 | F93: 5.5
A94: 14/08/2025 | B94: =E94-SUM(F94:T94) -> 0 | C94: EASY FUNDRAISING 36489 QUARTER 2 20 | E94: 25.93 | R94: 25.93
A95: 26/08/2025 | B95: =E95-SUM(F95:T95) -> 0 | C95: GORDON TAYLOR TA67SIMTAYLOR HUBXD673C3AF20FB35 090127 30 26AUG25 00:26 | E95: 5.5 | F95: 5.5
A96: 45666 | B96: =E96-SUM(F96:T96) -> 0 | C96: MORAG FYFE LOUDON R LOUDON 250831230933557962 874401 30 01SEP25 03:41 | E96: 5.5 | F96: 5.5
A97: 45786 | B97: =E97-SUM(F97:T97) -> 0 | C97: BATHO M C/ROYPREM TA09 SIM 49023117793221000R 834700 30 05SEP25 02:38 | E97: 5.5 | F97: 5.5
A98: 45786 | B98: =E98-SUM(F98:T98) -> 0 | C98: ALEXANDER GREENLEE TA47SIMGREENLEES CBSOX0051338063989 826625 30 05SEP25 00:51 | E98: 5.5 | F98: 5.5
A99: 25/09/2025 | B99: =E99-SUM(F99:T99) -> 0 | C99: GORDON TAYLOR TA67SIMTAYLOR HUBX76ADDD11323928 090127 30 25SEP25 00:10 | E99: 5.5 | F99: 5.5
B100: =E100-SUM(G100:T100) -> 0
B101: =E101-SUM(G101:T101) -> 0
B102: =E102-SUM(G102:T102) -> 0
B103: =E103-SUM(G103:T103) -> 0
B104: =E104-SUM(G104:T104) -> 0
B105: =E105-SUM(G105:T105) -> 0
B106: =E106-SUM(G106:T106) -> 0
B107: =E107-SUM(G107:T107) -> 0
B108: =E108-SUM(G108:T108) -> 0
B109: =E109-SUM(G109:T109) -> 0
B110: =E110-SUM(G110:T110) -> 0
B111: =E111-SUM(G111:T111) -> 0
... B119: =E119-SUM(G119:T119) -> 0
B120: =E120-SUM(H120:T120) -> 0
B121: =E121-SUM(G121:T121) -> 0
B122: =E122-SUM(G122:T122) -> 0
B123: =E123-SUM(G123:T123) -> 0
B124: =E124-SUM(G124:T124) -> 0
B125: =E125-SUM(G125:T125) -> 0
B126: =E126-SUM(G126:T126) -> 0
B127: =E127-SUM(G127:T127) -> 0
B128: =E128-SUM(G128:T128) -> 0
B129: =E129-SUM(G129:T129) -> 0
B130: =E130-SUM(G130:T130) -> 0
...

Sheet PAid
A1: T4x4R Cash book payments: | C1: 44818.489
B2: =B118 -> 0 | C2: PAID | E2: =E118 -> 38953.65 | F2: =F118 -> 0 | G2: =G118 -> 23526.06 | H2: =H118 -> 2558.99 | I2: =I118 -> 0 | J2: =J118 -> 8535.2 | K2: =K118 -> 2078.4 | L2: =L118 -> 2235 | ... R2: =R118 -> 0
B3: X CHK | D3: V | E3: £ | F3: TTNC | G3: Comms system | H3: Deployments | I3: IT | J3: Equip etc | K3: Misc | L3: Training | M3: Room hires | N3: Insurance | O3: Radios & phones | P3: Events costs | Q3: Unicorn | R3: Uniform
A11: 45659 | B11: =E11-SUM(G11:Q11) -> 0 | C11: STRATHCLYDE 4X4 RE | E11: 87 | G11: 87
A12: 45673 | B12: =E12-SUM(G12:Q12) -> 0 | C12: DAS SIGNS LTD 200000001488075793 INV-3459 090129 10 16JAN25 08:26 | E12: 784.8 | K12: 784.8
A13: 45684 | B13: =E13-SUM(G13:Q13) -> 0 | C13: GOCARDLESS BROADNETCOMM-TC38Q | E13: 78 | G13: 78
A14: 45691 | B14: =E14-SUM(G14:Q14) -> 0 | C14: STRATHCLYDE 4X4 RE | E14: 87 | G14: 87
A15: 45708 | B15: =E15-SUM(G15:Q15) -> 0 | C15: SARSTUFF CIC 400000001516380146 608371 10 20FEB25 13:29 | E15: 1584 | G15: 1584
A16: 45714 | B16: =E16-SUM(G16:Q16) -> 0 | C16: GOCARDLESS BROADNETCOMM-TC38Q | E16: 78 | G16: 78
A17: 45715 | B17: =E17-SUM(G17:Q17) -> 0 | C17: BRENTWOOD COMMUNIC 100000001506429454 600325 10 27FEB25 18:36 | E17: 5205 | G17: 5205
A18: 45719 | B18: =E18-SUM(G18:Q18) -> 0 | C18: STRATHCLYDE 4X4 RE | E18: 87 | G18: 87
A19: 45742 | B19: =E19-SUM(G19:Q19) -> 0 | C19: GOCARDLESS BROADNETCOMM-TC38Q | E19: 78 | G19: 78
A20: 45748 | B20: =E20-SUM(G20:Q20) -> 0 | C20: STRATHCLYDE 4X4 RE | E20: 87 | G20: 87
A21: 45757 | B21: =E21-SUM(G21:Q21) -> 0 | C21: THE WILL-BURT COMP 500000001540446894 INV 3337 - T4X4R 609242 10 10APR25 20:59 | E21: 11116.8 | G21: 11116.8
A22: 45769 | B22: =E22-SUM(G22:Q22) -> 0 | C22: DEREK ARTHUR 600000001546081605 BM RECEIPTS 070806 10 22APR25 10:08 | E22: 56 | J22: 56
A23: 45769 | B23: =E23-SUM(G23:Q23) -> 0 | C23: DEREK ARTHUR 500000001546274882 COSTCO 829-1 070806 10 22APR25 07:56 | E23: 539.98 | J23: 539.98
A24: 45769 | B24: =E24-SUM(G24:Q24) -> 0 | C24: DEREK ARTHUR 400000001551088007 COSTSCO 414-1 070806 10 22APR25 07:54 | E24: 539.98 | J24: 539.98
A25: 45769 | B25: =E25-SUM(G25:Q25) -> 0 | C25: DEREK ARTHUR 100000001537089658 CABLE BOOTS 070806 10 22APR25 07:54 | E25: 10.99 | J25: 10.99
A26: 45769 | B26: =E26-SUM(G26:Q26) -> 0 | C26: DEREK ARTHUR 200000001542234570 CLIPS / CABLES 070806 10 22APR25 07:52 | E26: 9.99 | J26: 9.99
A27: 45769 | B27: =E27-SUM(G27:Q27) -> 0 | C27: DEREK ARTHUR 600000001546007107 E7 / G4 ROUTER 070806 10 22APR25 07:52 | E27: 584.4 | J27: 584.4
A28: 45769 | B28: =E28-SUM(G28:Q28) -> 0 | C28: DEREK ARTHUR 400000001551086197 ECOFLOW 070806 10 22APR25 07:51 | E28: 126 | J28: 126
A29: 45769 | B29: =E29-SUM(G29:Q29) -> 0 | C29: DEREK ARTHUR 400000001551085848 RHINO CABLES 070806 10 22APR25 07:50 | E29: 10.99 | J29: 10.99
A30: 45769 | B30: =E30-SUM(G30:Q30) -> 0 | C30: DEREK ARTHUR 100000001537087506 AMAZON LABELS MKR 070806 10 22APR25 07:49 | E30: 39.99 | J30: 39.99
A31: 45769 | B31: =E31-SUM(G31:Q31) -> 0 | C31: DEREK ARTHUR 300000001549660283 KG BROWN LTD 070806 10 22APR25 07:48 | E31: 17.61 | J31: 17.61
A32: 45769 | B32: =E32-SUM(G32:Q32) -> 0 | C32: DEREK ARTHUR 600000001546005115 AMAZON STARLINK MT 070806 10 22APR25 07:48 | E32: 9.99 | J32: 9.99
A33: 45769 | B33: =E33-SUM(G33:Q33) -> 0 | C33: DEREK ARTHUR 200000001542231833 NETXL LTD 070806 10 22APR25 07:47 | E33: 358.06 | J33: 358.06
... A35: 45772 | B35: =E35-SUM(G35:Q35) -> 0 | C35: ARCHIE & ALISON CO 200000001544417072 DUNTRUNE TRAILERS 876811 10 25APR25 15:51 | E35: 179.5 | J35: 179.5
A36: 45775 | B36: =E36-SUM(G36:Q36) -> 0 | C36: GOCARDLESS BROADNETCOMM-TC38Q | E36: 78 | G36: 78
A37: 45778 | B37: =E37-SUM(G37:Q37) -> 0 | C37: STRATHCLYDE 4X4 RE | E37: 87 | G37: 87
A38: 45785 | B38: =E38-SUM(G38:Q38) -> 0 | C38: GORDON TAYLOR 600000001556189706 MUCK N MAC FUEL 090127 10 08MAY25 22:14 | E38: 92.35 | H38: 92.35
A39: 45785 | B39: =E39-SUM(G39:Q39) -> 0 | C39: MURRAY DUGUID 200000001552439269 MNM FUEL 070116 10 08MAY25 22:11 | E39: 62.76 | H39: 62.76
A40: 45785 | B40: =E40-SUM(G40:Q40) -> 0 | C40: AIDAN THOMSON 100000001547300045 MNM FUEL 070806 10 08MAY25 22:07 | E40: 45.84 | H40: 45.84
A41: 45785 | B41: =E41-SUM(G41:Q41) -> 0 | C41: DIANA BAINES 300000001559817781 MUCK N MAC STARLNK 800618 10 08MAY25 20:30 | E41: 31.1 | H41: 31.1
A42: 45785 | B42: =E42-SUM(G42:Q42) -> 0 | C42: SCOTT DICKINSON 200000001552392230 LR129 MUCK N MAC 600410 10 08MAY25 20:29 | E42: 34.24 | H42: 34.24
A43: 45785 | B43: =E43-SUM(G43:Q43) -> 0 | C43: KEITH LAING 400000001561244137 MM FUEL 834700 10 08MAY25 20:25 | E43: 70.16 | H43: 70.16
A44: 45785 | B44: =E44-SUM(G44:Q44) -> 0 | C44: KEITH LAING 300000001559814628 MM GEN FUEL 834700 10 08MAY25 20:24 | E44: 17.92 | H44: 17.92
A45: 45785 | B45: =E45-SUM(G45:Q45) -> 0 | C45: JAMES BUTCHER 300000001559814170 MM FUEL 608371 10 08MAY25 20:23 | E45: 53.09 | H45: 53.09
A46: 45785 | B46: =E46-SUM(G46:Q46) -> 0 | C46: ROBIN LOUDON 600000001556138609 CRUK FUEL 874401 10 08MAY25 20:22 | E46: 81 | H46: 81
A47: 45785 | B47: =E47-SUM(G47:Q47) -> 0 | C47: ROBIN LOUDON 100000001547250470 CRUK HOTEL 874401 10 08MAY25 20:21 | E47: 93.5 | H47: 93.5
A48: 45785 | B48: =E48-SUM(G48:Q48) -> 0 | C48: ROBIN LOUDON 100000001547249840 CRUK HOTEL 874401 10 08MAY25 20:19 (ERROR) | E48: 93.5 | H48: 93.5
A49: 45785 | B49: =E49-SUM(G49:Q49) -> 0 | C49: DEREK ARTHUR 200000001552387056 MM FUEL 070806 10 08MAY25 20:19 | E49: 74.97 | H49: 74.97
A50: 45785 | B50: =E50-SUM(G50:Q50) -> 0 | C50: JAMES B BEATTIE 600000001556022381 MUCK N MAC FUEL 809126 10 08MAY25 17:00 | E50: 69.82 | H50: 69.82
A51: 45785 | B51: =E51-SUM(G51:Q51) -> 0 | C51: BRENTWOOD COMMUNIC 300000001559553300 BREQ21304 600325 10 08MAY25 12:47 | E51: 3495 | G51: 3495
A52: 45789 | B52: =E52-SUM(G52:Q52) -> 0 | C52: T'GO CREATIVE LTD 100000001549129916 INV 19874 090128 10 12MAY25 12:22 | E52: 472.8 | K52: 472.8
A53: 45791 | B53: =E53-SUM(G53:Q53) -> 0 | C53: DUNCAN MCINTOSH TR 100000001550511190 BV85 6FT TRAILER 826109 10 14MAY25 23:17 | E53: 5478 | J53: 5478
A54: 45804 | B54: =E54-SUM(G54:Q54) -> 0 | C54: GOCARDLESS BROADNETCOMM-TC38Q | E54: 78 | G54: 78
A55: 45807 | B55: =E55-SUM(G55:Q55) -> 0 | C55: DIANA BAINES 500000001569003887 ATHOL STARLNK 800618 10 30MAY25 23:15 | E55: 42.04 | G55: 42.04
A56: 45810 | B56: =E56-SUM(G56:Q56) -> 0 | C56: DEREK ARTHUR 600000001570393718 BLAIR ATHOL FUEL 070806 10 02JUN25 18:46 | E56: 99.27 | H56: 99.27
A57: 45810 | B57: =E57-SUM(G57:Q57) -> 0 | C57: GORDON TAYLOR 600000001570393153 BLAIR ATHOL FUEL 090127 10 02JUN25 18:45 | E57: 81.12 | H57: 81.12
A58: 45810 | B58: =E58-SUM(G58:Q58) -> 0 | C58: KEITH LAING 600000001570320892 BLAIR FUEL 834700 10 02JUN25 16:56 | E58: 41.07 | H58: 41.07
A59: 45810 | B59: =E59-SUM(G59:Q59) -> 0 | C59: KEITH LAING 300000001573997351 BLAIR GEN FUEL 834700 10 02JUN25 16:55 | E59: 10.6 | H59: 10.6
A60: 45810 | B60: =E60-SUM(G60:Q60) -> 0 | C60: SCOTT DICKINSON 200000001566176078 LR129 BLAIR ATHOLL 600410 10 02JUN25 07:38 | E60: 71.69 | H60: 71.69
A61: 45810 | B61: =E61-SUM(G61:Q61) -> 0 | C61: AIDAN THOMSON 200000001566174924 ATHOLL FUEL 070806 10 02JUN25 07:36 | E61: 21.22 | H61: 21.22
A62: 45810 | B62: =E62-SUM(G62:Q62) -> 0 | C62: STRATHCLYDE 4X4 RE | E62: 87 | G62: 87
A63: 45811 | B63: =E63-SUM(G63:Q63) -> 0 | C63: INSTANT IMAGES 200000001566953552 CAR 7162 - T4X4R 804831 10 03JUN25 10:45 | E63: 756 | K63: 756
A64: 45811 | B64: =E64-SUM(G64:Q64) -> 0 | C64: JAMES B BEATTIE 300000001574371746 BLAIR ATHOLL FUEL 809126 10 03JUN25 10:33 | E64: 70.7 | H64: 70.7
A65: 45811 | B65: =E65-SUM(G65:Q65) -> 0 | C65: JAMES B BEATTIE 500000001570955839 RT BALDOVIE 809126 10 03JUN25 10:33 | E65: 193.2 | J65: 193.2
A66: 45811 | B66: =E66-SUM(G66:Q66) -> 0 | C66: JAMES B BEATTIE 600000001570693749 DAVIDSON FARM 2 809126 10 03JUN25 10:32 | E66: 32.4 | K66: 32.4
A67: 45811 | B67: =E67-SUM(G67:Q67) -> 0 | C67: JAMES B BEATTIE 300000001574370399 DAVIDSON FARM 1 809126 10 03JUN25 10:31 | E67: 32.4 | K67: 32.4
A68: 45813 | B68: =E68-SUM(G68:Q68) -> 0 | C68: ROBIN LOUDON 200000001568164836 BLAIR ATHOL FUEL 874401 10 05JUN25 12:38 | E68: 42 | H68: 42
A69: 45813 | B69: =E69-SUM(G69:Q69) -> 0 | C69: ROBIN LOUDON 100000001563027176 BLAIR ATHOL FUEL 874401 10 05JUN25 12:36 | E69: 42 | H69: 42
A70: 45813 | B70: =E70-SUM(G70:Q70) -> 0 | C70: BOBBY NICHOLSON 400000001577015402 BLAIR ATHOL FUEL 832516 10 05JUN25 12:31 | E70: 60 | H70: 60
A71: 45834 | B71: =E71-SUM(G71:Q71) -> 0 | C71: DAN O'CONNOR 500000001583561079 MILEAGE CRUK 804676 10 26JUN25 11:23 | E71: 21 | H71: 21
A72: 45839 | B72: =E72-SUM(G72:Q72) -> 0 | C72: STRATHCLYDE 4X4 RE | E72: 132 | G72: 132
A73: 45846 | B73: =E73-SUM(G73:Q73) -> 0 | C73: ST NINIANS CATHEDR 200000001587305393 APRIL 25 T4X4R 826709 10 08JUL25 20:39 | E73: 20 | M73: 20
A74: 45846 | B74: =E74-SUM(G74:Q74) -> 0 | C74: LEE GILMOUR 400000001595958706 GRIT FUEL 070436 10 08JUL25 12:41 | E74: 33.76 | H74: 33.76
A75: 45846 | B75: =E75-SUM(G75:Q75) -> 0 | C75: REMCO KIND 500000001591096965 GRIT - FUEL 040004 10 08JUL25 12:33 | E75: 16.42 | H75: 16.42
A76: 45846 | B76: =E76-SUM(G76:Q76) -> 0 | C76: BOBBY NICHOLSON 200000001587033424 GRIT - FUEL 832516 10 08JUL25 12:31 | E76: 86.56 | H76: 86.56
A77: 45846 | B77: =E77-SUM(G77:Q77) -> 0 | C77: JAMES B BEATTIE 600000001590850001 GRIT - FUEL 809126 10 08JUL25 12:30 | E77: 56.46 | H77: 56.46
A78: 45846 | B78: =E78-SUM(G78:Q78) -> 0 | C78: DAN O'CONNOR 100000001581900456 GRIT - FUEL 804676 10 08JUL25 12:29 | E78: 54 | H78: 54
A79: 45846 | B79: =E79-SUM(G79:Q79) -> 0 | C79: KEITH LAING 600000001590849166 GRIT - FUEL 834700 10 08JUL25 12:28 | E79: 36.84 | H79: 36.84
A80: 45846 | B80: =E80-SUM(G80:Q80) -> 0 | C80: DEREK ARTHUR 100000001581899489 GRIT - FUEL 070806 10 08JUL25 12:28 | E80: 27.32 | H80: 27.32
A81: 45846 | B81: =E81-SUM(G81:Q81) -> 0 | C81: DIANA BAINES 400000001595950175 GRIT STARLNK 800618 10 08JUL25 12:27 | E81: 27.05 | G81: 27.05
A82: 45852 | B82: =E82-SUM(G82:Q82) -> 0 | C82: DIANA BAINES 300000001597182204 SVVC STARLNK 800618 10 13JUL25 12:07 | E82: 94.91 | G82: 94.91
A83: 45860 | B83: =E83-SUM(G83:Q83) -> 0 | C83: MRS M WENSETH & MR 200000001594443604 KINGUSSIE - FUEL 826310 10 22JUL25 08:36 | E83: 71.35 | H83: 71.35
A84: 45860 | B84: =E84-SUM(G84:Q84) -> 0 | C84: ANTHONY R CAMILLER 100000001589307494 KINGUSSIE - FUEL 873447 10 22JUL25 08:34 | E84: 58.27 | H84: 58.27
A85: 45860 | B85: =E85-SUM(G85:Q85) -> 0 | C85: REMCO KIND 600000001598253516 KINGUSSIE - FUEL 040004 10 22JUL25 08:32 | E85: 62.8 | H85: 62.8
A86: 45860 | B86: =E86-SUM(G86:Q86) -> 0 | C86: JAMES B BEATTIE 100000001589306303 KINGUSSIE - FUEL 809126 10 22JUL25 08:31 | E86: 38.68 | H86: 38.68
A87: 45860 | B87: =E87-SUM(G87:Q87) -> 0 | C87: SCOTT DICKINSON 200000001594441325 LR129 KINGUSSIE 600410 10 22JUL25 08:30 | E87: 73.4 | H87: 73.4
A88: 45860 | B88: =E88-SUM(G88:Q88) -> 0 | C88: JAMES BUTCHER 100000001589305533 KINGUSSIE - FUEL 608371 10 22JUL25 08:29 | E88: 55.96 | H88: 55.96
A89: 45860 | B89: =E89-SUM(G89:Q89) -> 0 | C89: LEE GILMOUR 400000001603275791 KINGUSSIE - FUEL 070436 10 22JUL25 08:28 | E89: 55.96 | H89: 55.96
A90: 45860 | B90: =E90-SUM(G90:Q90) -> 0 | C90: KEITH LAING 100000001589304802 KINGUSSIE - FUEL 834700 10 22JUL25 08:27 | E90: 30.82 | H90: 30.82
A91: 45665 | B91: =E91-SUM(G91:Q91) -> 0 | C91: STRATHCLYDE 4X4 RE | E91: 132 | G91: 132
A92: 18/08/2025 | B92: =E92-SUM(G92:Q92) -> 0 | C92: HIGHLAND OFFROAD 3 300000001617542867 INV 0422 - T4X4R 800657 10 18AUG25 20:49 | E92: 2235 | L92: 2235
A93: 18/08/2025 | B93: =E93-SUM(G93:Q93) -> 0 | C93: DEREK ARTHUR 300000001617542150 TRAVERSE - FUEL 070806 10 18AUG25 20:48 | E93: 55.57 | H93: 55.57
A94: 18/08/2025 | B94: =E94-SUM(G94:Q94) -> 0 | C94: DAN O'CONNOR 300000001617541807 TRAVERSE - FUEL 804676 10 18AUG25 20:47 | E94: 63 | H94: 63
A95: 18/08/2025 | B95: =E95-SUM(G95:Q95) -> 0 | C95: LEE GILMOUR 100000001604971846 TRAVERSE - FUEL 070436 10 18AUG25 20:46 | E95: 40.75 | H95: 40.75
A96: 18/08/2025 | B96: =E96-SUM(G96:Q96) -> 0 | C96: JAMES BUTCHER 200000001610120128 TRAVERSE - FUEL 608371 10 18AUG25 20:46 | E96: 38 | H96: 38
A97: 18/08/2025 | B97: =E97-SUM(G97:Q97) -> 0 | C97: DIANA BAINES | E97: 88.19 | G97: 88.19
A98: 18/08/2025 | B98: =E98-SUM(G98:Q98) -> 0 | C98: JAMES B BEATTIE 600000001613190990 TRAVERSE - FUEL 809126 10 17AUG25 14:39 | E98: 36.98 | H98: 36.98
A99: 18/08/2025 | B99: =E99-SUM(G99:Q99) -> 0 | C99: KEITH LAING 200000001609424189 TRAVERSE GENE FUEL 834700 10 17AUG25 14:38 | E99: 20.1 | H99: 20.1
A100: 18/08/2025 | B100: =E100-SUM(G100:Q100) -> 0 | C100: KEITH LAING 300000001616844403 TRAVERSE- FUEL 834700 10 17AUG25 14:37 | E100: 65.47 | H100: 65.47
A101: 26/08/2025 | B101: =E101-SUM(G101:Q101) -> 0 | C101: ROBIN LOUDON 200000001613439110 TRAVERSE FUEL 874401 10 25AUG25 08:17 | E101: 54 | H101: 54
A102: 45666 | B102: =E102-SUM(G102:Q102) -> 0 | C102: WAID LTD 500000001622248534 4532 090666 10 01SEP25 17:05 | E102: 45.6 | H102: 45.6
A103: 45666 | B103: =E103-SUM(G103:Q103) -> 0 | C103: STRATHCLYDE 4X4 RE | E103: 132 | G103: 132
A104: 45909 | B104: =E104-SUM(G104:Q104) -> 0 | C104: DEREK ARTHUR 500000001626396694 AIRLINE RAILS KIT 070806 10 09SEP25 07:36 | E104: 70.66 | J104: 70.66
A105: 45909 | B105: =E105-SUM(G105:Q105) -> 0 | C105: DEREK ARTHUR 300000001629813659 USB-C CABLING 070806 10 09SEP25 07:35 | E105: 61.22 | J105: 61.22
A106: 45909 | B106: =E106-SUM(G106:Q106) -> 0 | C106: DEREK ARTHUR 400000001631239111 CAT-6 CABLING 070806 10 09SEP25 07:34 | E106: 45.84 | J106: 45.84
A107: 15/09/2025 | B107: =E107-SUM(G107:Q107) -> 0 | C107: DIANA BAINES 100000001619700604 STARLNK - STANDBY 800618 10 13SEP25 14:12 | E107: 4.5 | G107: 4.5
A108: 17/09/2025 | B108: =E108-SUM(G108:Q108) -> 0 | C108: STRATHCLYDE 4X4 RE 600000001630819714 INV 2383 800993 10 17SEP25 20:12 | E108: 72 | G108: 72
...

Sheet Members alpha
A1: T4x4R subs received
C2: 31/12/2024 to date | F2: 45291 | I2: 44926
C3: Date | D3: £ | F3: Date | G3: £ | I3: Date | J3: £
A5: Dave | B5: Duff | I5: 44588 | J5: 25
A6: DEREK | B6: ARTHUR | F6: 45040 | G6: 25 | I6: 44636 | J6: 25
A7: DIANA | B7: BAINES | C7: 45369 | D7: 25 | F7: 45001 | G7: 25 | I7: 44636 | J7: 25
A8: MARIUS | B8: BANEA | I8: 44663 | J8: 25
A9: MIKE | B9: BATHO (Cheque) | I9: 44648 | J9: 25
A10: JIM | B10: BEATTIE | I10: 44650 | J10: 25
A11: JIM | B11: BEATTIE | I11: 44650 | J11: 25
A12: COLIN | B12: BEEDIE | C12: 45331 | D12: 25 | I12: 44636 | J12: 25
A13: ANDREW | B13: BRYCE | F13: 45056 | G13: 25 | I13: 44658 | J13: 25
A14: GERRY | B14: BURKE | C14: 45334 | D14: 25 | F14: 45043 | G14: 25 | I14: 44641 | J14: 25
A15: JIM | B15: BUTCHER | F15: 45034 | G15: 25
A16: IAN | B16: CAMPBELL x 2 | C16: 45331 | D16: 50 | I16: 44638 | J16: 50
A17: G | B17: CROZIER x 2 | F17: 45068 | G17: 50
A18: PAMELA | B18: DEANS | C18: 45327 | D18: 25 | I18: 44634 | J18: 25
A19: DOUG | B19: GILLIES | F19: 45055 | G19: 25 | I19: 44636 | J19: 25
A20: ALEXANDER | B20: GREENLEES | F20: 45061 | G20: 25 | I20: 44636 | J20: 25
A21: W | B21: HOUSTOUN | I21: 44641 | J21: 25
A22: GARY | B22: KELL | I22: 44650 | J22: 25
A23: BEN | B23: KIVLIN | I23: 44719 | J23: 25
A24: KEITH | B24: LAING | C24: 45334 | D24: 25 | F24: 45033 | G24: 25
A25: ROBIN | B25: LOUDON | C25: 45334 | D25: 20 | I25: 44636 | J25: 25
A26: FRASER | B26: MARR | I26: 44662 | J26: 25
A27: JONATHAN | B27: MCCREADIE | C27: 45316 | D27: 25 | I27: 44657 | J27: 50
A28: BOB | B28: NICHOLSON | C28: 45331 | D28: 25 | I28: 44648 | J28: 25
A29: DAN | B29: O'Connor | F29: 45068 | G29: 25 | I29: 44657 | J29: 25
A30: M J | B30: PITTS | F30: 45062 | G30: 25
A31: LAURA | B31: RALTON | I31: 44680 | J31: 25
A32: LYNNE | B32: REANEY | F32: 45055 | G32: 25 | I32: 44644 | J32: 25
A33: IAIN | B33: REID | I33: 44637 | J33: 25
A34: EHS | B34: ROUSE | C34: 45331 | D34: 25 | I34: 44648 | J34: 25
A35: SIMON | B35: SIMPSON | I35: 44657 | J35: 25
A36: GORDON | B36: TAYLOR | C36: 45331 | D36: 25 | I36: 44651 | J36: 25
A37: IZZY | B37: WORGAN-BLAKE | I37: 44650 | J37: 25
D40: =SUBTOTAL(9,D5:D39) -> 295 | G40: =SUBTOTAL(9,G5:G39) -> 325 | J40: =SUBTOTAL(9,J5:J39) -> 775
A41: 45377.685

Sheet Members
A1: T4x4R subs received in year ending 31 Dec 2024
C2: 45657 | E2: 45291 | I2: 44926
C3: £ | E3: £
A4: 45316 | B4: J MCCREADIE | C4: 25 | H4: 44657 | I4: 50
A5: 45327 | B5: P DEANS | C5: 25 | H5: 44634 | I5: 25
A6: 45331 | B6: MR I CAMPBELL & MI IAIN C/NATASHA | C6: 50 | H6: 44638 | I6: 50
A7: 45331 | B7: GORDON TAYLOR | C7: 25 | H7: 44651 | I7: 25
A8: 45331 | B8: C BEEDIE | C8: 25 | H8: 44636 | I8: 25
A9: 45331 | B9: NICHOLSON | C9: 25 | H9: 44648 | I9: 25
A10: 45331 | B10: ROUSE EHS | C10: 25 | H10: 44648 | I10: 25
A11: 45334 | B11: LAING KA | C11: 25 | E11: 45033 | F11: 25
A12: 45334 | B12: MORAG FYFE LOUDON | C12: 20 | H12: 44636 | I12: 25
A13: 45334 | B13: BURKE MR G | C13: 25 | E13: 45043 | F13: 25 | H13: 44641 | I13: 25
A14: 45369 | B14: D BAINES MEMBERSHIP | C14: 25 | E14: 45001 | F14: 25 | H14: 44636 | I14: 25
B15: JIM BUTCHER | E15: 45034 | F15: 25
B16: ARTHUR DEREK | E16: 45040 | F16: 25 | H16: 44636 | I16: 25
B17: GILLIES DJ | E17: 45055 | F17: 25 | H17: 44636 | I17: 25
B18: L REANEY | E18: 45055 | F18: 25 | H18: 44644 | I18: 25
B19: ANDREW BRYCE | E19: 45056 | F19: 25 | H19: 44658 | I19: 25
B20: ALEXANDER GREENLEES | E20: 45061 | F20: 25 | H20: 44636 | I20: 25
B21: PITTS M J | E21: 45062 | F21: 25
B22: Crozier x 2 subs | E22: 45068 | F22: 50
B23: D O'Connor sub | E23: 45068 | F23: 25 | H23: 44657 | I23: 25
B24: Dave Duff | H24: 44588 | I24: 25
B25: IAIN REID | H25: 44637 | I25: 25
B26: W HOUSTOUN | H26: 44641 | I26: 25
B27: BATHO CHEQUE membership | H27: 44648 | I27: 25
B28: G KELL | H28: 44650 | I28: 25
B29: I WORGAN-BLAKE | H29: 44650 | I29: 25
B30: J BEATTIE | H30: 44650 | I30: 25
B31: J BEATTIE | H31: 44650 | I31: 25
B32: SIMPSON S&E | H32: 44657 | I32: 25
B33: FRASER MARR | H33: 44662 | I33: 25
B34: MARIUS BANEA | H34: 44663 | I34: 25
B35: RALTON LAURA | H35: 44680 | I35: 25
B36: BEN KIVLIN | H36: 44719 | I36: 25
C38: =SUBTOTAL(9,C4:C37) -> 295 | F38: =SUBTOTAL(9,F4:F37) -> 325 | I38: =SUBTOTAL(9,I4:I37) -> 775
